 Dungeon Crawl Stone Soup version 0.25-a0-62-g88673ef (webtiles) character file.

Game seed: 54977100342755092, levelgen mode: deterministic

88 Bapo the Slasher (level 4, -4/35 HPs)
             Began as a Formicid Fighter on Oct 31, 2019.
             Slain by a worm (5 damage)
             ... on level 2 of the Dungeon.
             The game lasted 00:00:53 (694 turns).

Bapo the Slasher (Formicid Fighter)                  Turns: 694, Time: 00:00:54

Health: -4/35      AC:  6    Str: 21    XL:     4   Next: 81%
Magic:  4/4        EV:  7    Int:  8    God:
Gold:   16         SH:  9    Dex: 10    Spells: 3/3 levels left

rFire    . . .     SeeInvis +   a - +0 long sword
rCold    . . .     Gourm    .   c - +0 shield
rNeg     . . .     Faith    .   b - +0 scale mail
rPois    .         Spirit   .   (helmet unavailable)
rElec    .         Reflect  .   (no cloak)
rCorr    .         Harm     .   (no gloves)
MR       .....                  (no boots)
Stlth    ..........             (no amulet)
HPRegen  0.11/turn              (no ring)
MPRegen  0.09/turn              (no ring)

@: no status effects
A: permanent stasis, dig shafts and tunnels, four strong arms, antennae 3
a: Dig, Shaft Self


You were on level 2 of the Dungeon.
You were not hungry.

You visited 1 branch of the dungeon, and saw 2 of its levels.

You collected 16 gold pieces.

Inventory:

Hand Weapons
 a - a +0 long sword (weapon)
Armour
 b - a +0 scale mail (worn)
 c - a +0 shield (worn)
Wands
 e - a wand of acid (12)
Scrolls
 j - a scroll of remove curse {unknown}
Potions
 d - a potion of might
 g - a potion of berserk rage {unknown}
 i - a potion of heal wounds {unknown}
Comestibles
 f - 2 rations


   Skills:
 - Level 3.2 Fighting
 + Level 4.6 Long Blades
 - Level 3.2 Armour
 - Level 3.6 Shields


You had 3 spell levels left.
You didn't know any spells.
Your spell library was empty.

Dungeon Overview and Level Annotations

Branches:
Dungeon (1/15)

Altars:


Innate Abilities, Weirdness & Mutations

You cannot be hasted, slowed, berserked, paralysed or teleported.
You can dig through walls and to a lower floor.
Your four strong arms can wield two-handed weapons with a shield.
You have a pair of large antennae on your head. (SInv)


Message History

You block the adder's attack. x2; The worm barely misses you.
You closely miss the adder.
The adder is moderately wounded.
The adder closely misses you.
You closely miss the adder.
The adder is moderately wounded.
The adder bites you. You block the worm's attack. The adder barely misses you.
You closely miss the adder.
The adder is moderately wounded.
You block the adder's attack. The worm bites you!
* * * LOW HITPOINT WARNING * * *
You barely miss the adder.
The adder is moderately wounded.
The adder bites you but does no damage. x2
You slash the adder!
You kill the adder!
The worm bites you.
* * * LOW HITPOINT WARNING * * *
The worm bites you.
You die...

## ##### .. #...###.
#...#.. {
#########...#.# .
#......##.....#### ..#
#......##..).....##...#
#......# #†..........#
#......####....@......#
#......#.......w....#.#
##......#......##.###...
#)†.....#......# .# #
#.###.###......# .# #.#
#.###......# .# #.#
#.(.(.......#..
#.#############...#
#.#......# ...#


You could see a worm.

Vanquished Creatures
  Terence (D:2)
  Natasha (D:2)
  An adder (D:2)
  An ooze (D:1)
  A worm (D:2)
  2 leopard geckos
  3 giant cockroaches
  3 goblins
  2 hobgoblins (D:1)
  5 bats
  A kobold (D:1)
  A rat (D:2)
22 creatures vanquished.

Notes
Turn   | Place    | Note
-------+----------+-------------------------------------------
     0 | D:1      | Bapo the Formicid Fighter began the quest for the Orb.
     0 | D:1      | Reached XP level 1. HP: 18/18 MP: 1/1
    97 | D:1      | Reached XP level 2. HP: 20/24 MP: 2/2
   116 | D:1      | Reached skill level 3 in Long Blades
   204 | D:1      | You fall into a shaft and drop 1 floor!
   236 | D:2      | Reached XP level 3. HP: 28/29 MP: 3/3
   286 | D:2      | Noticed Terence
   303 | D:2      | Killed Terence
   303 | D:2      | Reached skill level 4 in Long Blades
   303 | D:2      | Reached XP level 4. HP: 16/35 MP: 4/4
   493 | D:2      | Noticed Natasha
   503 | D:2      | Killed Natasha
   693 | D:2      | HP: 1/35 [worm (5)]
   694 | D:2      | Slain by a worm

Levels and vault maps discovered:
D:1:      lightli_arrival_windingriver, layout_basic
D:2:      layout_basic, nicolae_overflow_hidden_temple,
          nicolae_overflow_crystal_walls, st_stairs_12, uniq_terence,
          uniq_natasha, uniq_sigmund

Skill      XL: |  1  2  3 |
---------------+----------+-----
Long Blades    | 3 4 |  4.6
Fighting       | |  3.2
Armour         | |  3.2
Shields        | |  3.6

Action                   |  1- 3 |  4- 6 || total
-------------------------+-------+-------++-------
Melee: Long sword        |    76 |    41 ||   117
Armor: Scale mail        |    57 |    22 ||    79
Dodge: Dodged            |    22 |    16 ||    38
Block: Shield            |    47 |    25 ||    72
       Rpst.: Long sword |     6 |     5 ||    11

Table legend:
 A = Non-vault XP
 B = Vault XP
 C = Vault XP percentage of total XP
 D = Non-vault monster count
 E = Vault monster count
 F = Vault count percentage of total count
                 A         B        C        D         E       F
            +---------+---------+-------+---------+---------+-------
      Total |      55 |      71 |  56.3 |      20 |       2 |   9.1
            +---------+---------+-------+---------+---------+-------
        D:1 |      27 |       0 |   0.0 |      13 |       0 |   0.0
        D:2 |      28 |      71 |  71.7 |       7 |       2 |  22.2
            +---------+---------+-------+---------+---------+-------
